 Dungeon Crawl Stone Soup version 0.27.1-33-g824d729ab1 (webtiles) character file.

Game seed: 4839817899171914606

16 Descartes the Firebug (level 2, -4/15 HPs)
             Began as a Deep Elf Fire Elementalist on Dec 19, 2021.
             Slain by a gnoll (11 damage)
             ... on level 1 of the Dungeon.
             The game lasted 00:03:22 (765 turns).

Descartes the Firebug (Deep Elf Fire Elementalist)   Turns: 765, Time: 00:03:23

Health: -4/15      AC:  3    Str:  5    XL:     2   Next: 41%
Magic:  2/8        EV: 13    Int: 19    God:
Gold:   30         SH:  0    Dex: 15    Spells: 6/7 levels left

rFire    . . .     SeeInvis .   g - +0 short sword
rCold    . . .     Faith    .   (no shield)
rNeg     . . .     Spirit   .   a - +0 robe
rPois    .         Reflect  .   (no helmet)
rElec    .         Harm     .   (no cloak)
rCorr    .         Rampage  .   e - +0 pair of gloves
Will     .....                  (no boots)
Stlth    ++........             (no amulet)
HPRegen  0.05/turn              (no ring)
MPRegen  0.11/turn              (no ring)

@: very slightly contaminated
A: no striking features
a: no special abilities


You were on level 1 of the Dungeon.
You visited 1 branch of the dungeon, and saw 1 of its levels.

You collected 30 gold pieces.

Inventory:

Hand Weapons
 g - a +0 short sword (weapon)
Missiles
 b - 54 stones
 c - 3 javelins
Armour
 a - a +0 robe (worn)
 e - a +0 pair of gloves (worn)
Scrolls
 d - a scroll of immolation {unknown}
 f - a scroll of teleportation {unknown}


   Skills:
 + Level 2.8 Dodging
 - Level 2.4 Stealth
 + Level 3.3 Spellcasting
 + Level 1.6 Conjurations
 + Level 3.5 Fire Magic


You had 6 spell levels left.
You knew the following spells:

 Your Spells              Type           Power      Damage    Failure   Level
a - Foxfire               Conj/Fire      52%        2x1d6     4%          1

Your spell library contained the following spells:

 Spells                   Type           Power      Damage    Failure   Level
 Conjure Flame            Conj/Fire      13%        6-21      16%         3
 Inner Flame              Hex/Fire       9%         N/A       22%         3
 Sticky Flame             Conj/Fire      13%        2d4       45%         4
 Fireball                 Conj/Fire      6%         3d5       80%         5


Dungeon Overview and Level Annotations

Branches:
Dungeon (1/15)

Altars:


Message History

The foxfire hits the gnoll but does no damage.
The gnoll is moderately wounded.
Casting: Foxfire (safe; 4% risk of failure)
Confirm with . or Enter, or press ? or * to list all spells.
You conjure some foxfire!
The foxfire hits the gnoll but does no damage.
The gnoll is moderately wounded.
Casting: Foxfire (safe; 4% risk of failure)
Confirm with . or Enter, or press ? or * to list all spells.
You conjure some foxfire!
The foxfire hits the gnoll but does no damage.
The gnoll is moderately wounded.
The foxfire hits the gnoll but does no damage.
The gnoll is moderately wounded.
The gnoll misses you.
Casting: Foxfire (safe; 4% risk of failure)
Confirm with . or Enter, or press ? or * to list all spells.
You conjure some foxfire!
The foxfire hits the gnoll.
The gnoll is moderately wounded.
The foxfire hits the gnoll.
The gnoll is moderately wounded.
The gnoll hits you with a +2 flail of protection!
Ouch! That really hurt!
Your foxfire dissipates!
The foxfire hits the gnoll.
The gnoll is severely wounded.
You open the door. The gnoll misses you.
There is an open door here.
You see here a ball python corpse.
Casting: Foxfire (safe; 4% risk of failure)
Confirm with . or Enter, or press ? or * to list all spells.
You miscast Foxfire.
You are very lightly contaminated with residual magic.
Nothing appears to happen.
The gnoll hits you but does no damage.
Casting: Foxfire (safe; 4% risk of failure)
Confirm with . or Enter, or press ? or * to list all spells.
You conjure some foxfire!
The gnoll hits you with a +2 flail of protection!
Ouch! That really hurt!
You die...

######### ##.##....## #.......#
#..##.#..#. ######'#####.#
#.###...##. #.......# #.#
#.###..#.#. #.......# #.#
#..#..#.... #......†####.# #
#####..#.#. #............##.#
##..##. ######+#.##g....# #...#.
####.#.##v@...#### #...##
####....#.##v........####...##
#......v.†##................#
#.##.^##..##............##..##
#.#....#..##............#.....
#.###.##..#####.........#.....
####.#....#... #.######....####
#....####.#.######.# #.#)###..
#.#.......#+#[..##.######....##.#


You could see a gnoll (ally target).

Vanquished Creatures
  3 ball pythons (D:1)
  3 giant cockroaches (D:1)
  2 hobgoblins (D:1)
  A quokka (D:1)
  A bat (D:1)
  2 goblins (D:1)
  2 kobolds (D:1)
  A rat (D:1)
15 creatures vanquished.

Vanquished Creatures (others)
  82 foxfires (D:1)
82 creatures vanquished.

Grand Total: 97 creatures vanquished

Notes
Turn   | Place    | Note
-------+----------+-------------------------------------------
     0 | D:1      | Descartes the Deep Elf Fire Elementalist began the quest
                  | for the Orb.
     0 | D:1      | Reached XP level 1. HP: 10/10 MP: 6/6
   254 | D:1      | Reached XP level 2. HP: 15/15 MP: 0/8
   503 | D:1      | Noticed a shining eye
   550 | D:1      | Found a faded altar of an unknown god.
   553 | D:1      | Noticed a great orb of eyes
   553 | D:1      | Noticed an eye of devastation
   553 | D:1      | Noticed a floating eye
   765 | D:1      | Slain by a gnoll

Illustrated notes

Levels and vault maps discovered:
D:1:      psy_arrival_dodecagon, layout_basic,
          hellmonk_ecumenical_altar_watching_god

Action                   || total
-------------------------++-------
 Cast: Foxfire           ||    57
Armor: Robe              ||     1
Dodge: Dodged            ||     2
